 Dungeon Crawl Stone Soup version 0.25-a0-1024-gbfbf38f2cb (webtiles) character file.

Game seed: 8981068686053087874, levelgen mode: deterministic

704 Flugslaktarn the Skirmisher (level 7, -18/76 HPs)
             Began as an Ogre Fighter on May 12, 2020.
             Demolished by an ogre
             ... wielding a +0 giant club
              (23 damage)
             ... on level 6 of the Dungeon.
             The game lasted 00:02:11 (4870 turns).

Flugslaktarn the Skirmisher (Ogre Fighter)          Turns: 4870, Time: 00:02:11

Health: -18/76     AC:  4    Str: 19 (21) XL:     7   Next: 66%
Magic:  7/7        EV:  9    Int:  6 (9)  God:
Gold:   202        SH:  8    Dex:  7 (10) Spells: 6/6 levels left

rFire    . . .     SeeInvis .   a - +0 war axe
rCold    . . .     Gourm    .   c - +0 kite shield
rNeg     . . .     Faith    .   b - +0 robe
rPois    .         Spirit   .   (helmet restricted)
rElec    .         Reflect  .   i - +0 cloak
rCorr    .         Harm     .   (gloves unavailable)
MR       .....                  (boots unavailable)
Stlth    +.........             (no amulet)
HPRegen  0.22/turn              (no ring)
MPRegen  0.10/turn              (no ring)

@: flying
A: large, unfitting armour, tough skin 1
a: no special abilities


You were on level 6 of the Dungeon.
You were not hungry.

You visited 1 branch of the dungeon, and saw 5 of its levels.

You collected 202 gold pieces.

Inventory:

Hand Weapons
 a - a +0 war axe (weapon)
Armour
 b - a +0 robe (worn)
 c - a +0 kite shield (worn)
 i - a +0 cloak (worn)
   (You found it on level 1 of the Dungeon)
Wands
 n - a wand of iceblast (10)
   (You found it on level 3 of the Dungeon)
Scrolls
 f - 6 scrolls of remove curse {unknown}
 g - a scroll of enchant armour {unknown}
 h - 2 scrolls of enchant weapon {unknown}
 k - a scroll of fear {unknown}
 l - 5 scrolls of identify {unknown}
 m - 4 scrolls of teleportation {unknown}
 t - 2 scrolls of immolation {unknown}
 u - 2 scrolls of amnesia {unknown}
Potions
 d - a potion of might
 j - 3 potions of cancellation {unknown}
 o - 2 potions of magic {unknown}
 p - a potion of ambrosia {unknown}
 q - a potion of curing
 r - a potion of flight
 s - a potion of degeneration
 v - a potion of stabbing {unknown}
Comestibles
 e - 5 rations
 w - a chunk of flesh


   Skills:
 + Level 6.4 Fighting
 * Level 5.4 Axes
 + Level 4.2 Dodging
 + Level 4.2 Shields


You had 6 spell levels left.
You didn't know any spells.
Your spell library was empty.

Dungeon Overview and Level Annotations

Branches:
Dungeon (4/15)
 Temple: D:4-7

Altars:
Ru


Innate Abilities, Weirdness & Mutations

You are too large for most types of armour.
You have tough skin. (AC +1)


Message History

You are too injured to fight recklessly!
The orc hits you but does no damage.
Okay, then.
The ogre hits you with a +0 giant club!
* * * LOW HITPOINT WARNING * * *
Unknown command.
Okay, then.
An orc wizard comes into view. It is wielding a +1 dagger of venom.
A hound zombie comes into view.
You see here a short sword.
Found a stone staircase leading up.
Found a scale mail.
It was a potion of degeneration.
There was something very wrong with that liquid.
You feel weakened.
You feel dopey.
You feel clumsy.
It was a potion of flight.
You feel very buoyant.
You fly up into the air.
The ogre hits you with a +0 giant club!!
You die...

#####.##..##..#
......##Y.###o#
##.......##.####
#..Y.......)†...
##.o.............
##..........#.....
#.o.........#.....
#O#.._......######
#@#.........#
........#..........#
######.............<
.............#
.[............
........#####
..........
.........###


You could see a sky beast, an ogre and 2 orcs.

Vanquished Creatures
  A centaur (D:4)
  A scorpion (D:4)
  A howler monkey (D:6)
  4 orc priests
  A hound (D:4)
  An iguana (D:4)
  Terence (D:2)
  4 orc wizards
  A worker ant (D:4)
  A gnoll (D:1)
  8 adders
  2 oozes
  An adder skeleton (D:4)
  A worm (D:2)
  A dart slug (D:1)
  3 leopard geckos
  17 orcs
  3 ball pythons
  8 bats
  5 giant cockroaches
  8 hobgoblins
  6 jackals
  3 quokkas
  6 frilled lizards
  6 goblins
  10 kobolds
  8 rats
112 creatures vanquished.

Vanquished Creatures (others)
  An orc (D:4)
1 creature vanquished.

Grand Total: 113 creatures vanquished

Notes
Turn   | Place    | Note
-------+----------+-------------------------------------------
     0 | D:1      | Flugslaktarn the Ogre Fighter began the quest for the Orb.
     0 | D:1      | Reached XP level 1. HP: 24/24 MP: 1/1
   126 | D:1      | Reached XP level 2. HP: 32/32 MP: 2/2
   608 | D:1      | Reached XP level 3. HP: 40/40 MP: 3/3
  1099 | D:2      | Reached XP level 4. HP: 26/49 MP: 4/4
  1381 | D:2      | Noticed Terence
  1395 | D:2      | Killed Terence
  1669 | D:2      | Reached XP level 5. HP: 48/55 MP: 5/5
  1885 | D:2      | Reached skill level 5 in Fighting
  2683 | D:3      | Reached XP level 6. HP: 25/66 MP: 6/6
  3356 | D:4      | HP: 1/67 [orc/+0 trident (7)]
  3707 | D:4      | Reached XP level 7. HP: 29/74 MP: 7/7
  3930 | D:4      | Reached skill level 6 in Fighting
  4430 | D:4      | Reached skill level 5 in Axes
  4794 | D:4      | You fall into a shaft and drop 2 floors!
  4850 | D:6      | Found a sacrificial altar of Ru.
  4857 | D:6      | HP: 3/76 [ogre/+0 giant club (16)]
  4870 | D:6      | Demolished by an ogre

Illustrated notes

Levels and vault maps discovered:
D:1:      elethiomel_arrival_shortcut, layout_basic
D:2:      layout_rooms, first_ration, uniq_terence
D:3:      layout_rooms, minmay_strange_pillars, hangedman_decor_clover_reticule,
          serial_park_tiny_2
D:4:      layout_loops_ring
D:6:      layout_rooms, temple_statues, basic_altar,
          chequers_serial_rivers_small_a, grunt_ministairs_1

Skill      XL: |  1  2  3  4  5  6  7 |
---------------+----------------------+-----
Shields        | 3 4 |  4.2
Dodging        | 3 4 |  4.2
Axes           | 3 4 5 |  5.4
Fighting       | 5 6 |  6.4

Action                   |  1- 3 |  4- 6 |  7- 9 || total
-------------------------+-------+-------+-------++-------
Melee: War axe           |    99 |   167 |    59 ||   325
  Use: Potion            |       |     2 |     4 ||     6
  Eat: Chunk             |     1 |     6 |       ||     7
       Ration            |       |     1 |     1 ||     2
Armor: Robe              |    35 |    44 |    24 ||   103
Dodge: Dodged            |    34 |    72 |    30 ||   136
Block: Kite shield       |    41 |   106 |    40 ||   187

Table legend:
 A = Non-vault XP
 B = Vault XP
 C = Vault XP percentage of total XP
 D = Non-vault monster count
 E = Vault monster count
 F = Vault count percentage of total count
                 A         B        C        D         E       F
            +---------+---------+-------+---------+---------+-------
      Total |     970 |      36 |   3.6 |     112 |       1 |   0.9
            +---------+---------+-------+---------+---------+-------
        D:1 |      61 |       0 |   0.0 |      29 |       0 |   0.0
        D:2 |     103 |      36 |  25.9 |      24 |       1 |   4.0
        D:3 |     171 |       0 |   0.0 |      21 |       0 |   0.0
        D:4 |     509 |       0 |   0.0 |      29 |       0 |   0.0
        D:6 |     126 |       0 |   0.0 |       9 |       0 |   0.0
            +---------+---------+-------+---------+---------+-------
